[Event "Gibraltar Challengers B 2019"]
[Site "Caleta"]
[Date "2019.01.29"]
[Round "4"]
[White "Weeramantry, Sunil"]
[Black "Verneuil, Pascal"]
[Result "1-0"]
[ECO "B23"]
[WhiteElo "2007"]
[BlackElo "2114"]
[Annotator "NA RC"]
[PlyCount "74"]
[EventDate "2019.01.18"]
[EventType "swiss"]
[EventCountry "GGB"]
[SourceTitle "playchess.com"]
[Source "ChessBase"]
[SourceQuality "1"]
[TimeControl "6600+10"]

1. e4 c5 2. Nc3 Nc6 3. f4 e6 4. Nf3 d5 5. Bb5 Nf6 6. d3 Be7 7. O-O O-O 8. Bxc6 bxc6 9. e5 Nd7 10. Qe1 c4 11. d4 {[%emt 0:09:34] B23: Closed Sicilian: Lines without g3} Rb8 12. f5 $146 ({Predecessor:} 12. Rb1 a5 13. Qg3 f5 14. Be3 Ba6 15. Kh1 Qe8 16. Rg1 Qh5 17. Qf2 Rb7 18. h3 Rfb8 {½-½ (38) Savin,V (2334)-Tsygankov,E (2410) ICCF email 2014}) 12... Kh8 13. fxe6 fxe6 14. Qg3 c5 15. Bg5 {[%emt 0:18:10] [#]} Rf5 ({Don't play} 15... Rxb2 16. Qh4 $15) (15... Rxf3 $1 $17 16. Rxf3 Bxg5 17. dxc5 Bb7) 16. h4 (16. Bxe7 $11 Qxe7 17. Qg4 cxd4 18. Qxd4) 16... Ba6 ({But not} 16... Rxb2 17. Bxe7 Qxe7 18. Ng5 $17) 17. Qg4 Nb6 18. Kh1 Rc8 19. dxc5 Rxc5 20. Nd4 Bxg5 21. Nxe6 Qg8 22. Nxc5 Bc8 23. Rxf5 Be7 24. e6 Bxc5 25. Re1 g6 26. Nxd5 Qe8 27. Qe4 Nxd5 28. Rxd5 Be7 29. Qe5+ Kg8 30. Rf1 Bf8 31. Re1 Qe7 32. Qg5 Kg7 33. Qxe7+ Bxe7 34. Rd7 Kf6 35. Rxa7 h5 36. Rf1+ $18 Kxe6 37. Re1+ Kd5 1-0

[Event "Gibraltar Challengers B 2019"]
[Site "Caleta"]
[Date "2019.01.29"]
[Round "4"]
[White "Skutta, Bernd"]
[Black "Teh, Wee Zhun"]
[Result "1-0"]
[ECO "D00"]
[WhiteElo "1988"]
[BlackElo "1818"]
[Annotator "NA RC"]
[PlyCount "65"]
[EventDate "2019.01.18"]
[EventType "swiss"]
[EventCountry "GGB"]
[SourceTitle "playchess.com"]
[Source "ChessBase"]
[SourceQuality "1"]
[TimeControl "6600+10"]

1. d4 d5 2. Bf4 c5 3. e3 Nc6 4. c3 Nf6 5. Nd2 {[%emt 0:00:18] D00: 1 d4 d5: Unusual lines} Bf5 (5... Qb6 6. Qb3 Nh5 7. Qxb6 axb6 8. Bc7 cxd4 9. exd4 e5 10. Bxe5 Nxe5 11. dxe5 Bc5 12. g3 O-O {1-0 (76) Aronian,L (2765)-Caruana,F (2832) London 2018}) 6. Ngf3 Qb6 7. Nh4 Bg4 8. Qb3 c4 9. Qc2 h6 10. h3 $146 ({Predecessor:} 10. Bg3 Qd8 11. e4 b5 12. h3 Be6 {½-½ (25) Hadzi Manev,L (1982)-Vulinovic,R (2163) Belgrade 2018}) 10... Bh5 11. g4 g5 12. Bh2 gxh4 13. gxh5 e6 14. e4 Nxe4 15. Nxe4 dxe4 16. Bxc4 O-O-O 17. O-O-O Na5 18. Be2 f5 19. b4 Nc6 {[%emt 0:01:45] [#]} 20. Qb3 $1 Ne7 21. Be5 Rg8 22. c4 Bg7 23. c5 Qc6 24. b5 Qd7 {[%emt 0:00:11] [#]} 25. c6 $1 bxc6 26. bxc6 Qxc6+ 27. Kb1 Qb7 $2 {[%emt 0:05:03] [#]} (27... Bxe5 28. Rc1 (28. dxe5 Qb6 $17) 28... Kd7) 28. Rc1+ $1 Nc6 29. Rxc6+ Qxc6 30. Rc1 Qxc1+ 31. Kxc1 Bxe5 $18 32. Qxe6+ Kb7 33. Ba6+ 1-0

[Event "Gibraltar Challengers B 2019"]
[Site "Caleta"]
[Date "2019.01.29"]
[Round "4"]
[White "James, Kevin"]
[Black "Hassomal Daswani, Birjkumar"]
[Result "0-1"]
[ECO "A40"]
[WhiteElo "1948"]
[BlackElo "2008"]
[Annotator "NA"]
[PlyCount "58"]
[EventDate "2019.01.18"]
[EventType "swiss"]
[EventCountry "GGB"]
[SourceTitle "playchess.com"]
[Source "ChessBase"]
[SourceQuality "1"]
[TimeControl "6600+10"]

1. d4 g6 2. c4 Bg7 3. Nc3 c5 4. d5 Bxc3+ 5. bxc3 f5 6. Qc2 Nf6 {[%emt 0:00:55] A40: Unusual replies to 1 d4} 7. f3 d6 (7... Qa5 8. Bd2 d6 9. e4 O-O 10. Bd3 Nh5 11. Ne2 fxe4 12. Bxe4 Nd7 13. Bh6 Rf7 14. g4 {0-1 (27) Mestel,A (2491)-Sutovsky,E (2628) Birmingham 2006}) 8. e4 Qa5 9. Bd3 O-O $146 ({Predecessor:} 9... Nbd7 10. exf5 Ne5 11. fxg6 Nxd3+ 12. Qxd3 Bf5 13. Qe3 hxg6 {½-½ (45) Pienabarca,N (2139)-Jacob,S (1907) London 2013}) 10. Ne2 fxe4 11. Bxe4 Nxe4 12. fxe4 Nd7 13. Bf4 Nb6 14. Qd3 Qa6 15. O-O Qxc4 16. Qc2 Bd7 17. Bh6 Ba4 18. Qd2 Rxf1+ 19. Rxf1 Qxe4 20. Ng3 $1 Qxd5 21. Qf4 Nd7 22. Ne4 Bc6 23. Re1 Qxa2 24. Qh4 Nf6 25. Nd2 Qd5 26. Nf3 Re8 27. Bg5 Ne4 28. c4 $19 Qxc4 29. Bxe7 Qd5 0-1

[Event "Gibraltar Challengers B 2019"]
[Site "Caleta"]
[Date "2019.01.29"]
[Round "4"]
[White "Garcia Rodriguez, Inaki"]
[Black "Garcia Lopez, Juan Antonio"]
[Result "1-0"]
[ECO "A45"]
[WhiteElo "1931"]
[BlackElo "1964"]
[Annotator "NA RC"]
[PlyCount "121"]
[EventDate "2019.01.18"]
[EventType "swiss"]
[EventCountry "GGB"]
[SourceTitle "playchess.com"]
[Source "ChessBase"]
[SourceQuality "1"]
[TimeControl "6600+10"]

1. d4 Nf6 2. Bg5 Ne4 3. Bh4 d5 4. f3 Nd6 5. Nd2 Bf5 {[%emt 0:01:15] A45: Trompowsky Attack} (5... Nc6 6. c3 Bf5 7. g4 Bg6 8. Nh3 Qd7 9. Qb3 e6 10. Nf4 Na5 11. Qd1 Nac4 12. Nxc4 Nxc4 13. Qc1 {0-1 (30) Eliseev,A (2379)-Anton Guijarro,D (2642) St Petersburg 2018}) 6. c4 c6 7. e3 Qd7 $146 ({Predecessor:} 7... Bg6 8. Qb3 dxc4 9. Nxc4 Nxc4 10. Bxc4 b5 11. Be2 Nd7 12. Rc1 Rc8 {1-0 (26) Rausis,I (2460)-Naumkin,I (2460) Moscow 1992}) 8. c5 Nc8 9. Bg3 e6 10. Ne2 Bd3 11. Nf4 Bxf1 12. Rxf1 Be7 13. Nd3 f6 14. Kf2 O-O 15. Kg1 a5 16. a3 Na6 17. Qc2 Bd8 18. b4 axb4 19. axb4 Na7 20. Nb1 Bc7 21. Bf2 Nb5 22. Nc3 e5 23. Nxb5 cxb5 24. Qb3 Kh8 25. dxe5 fxe5 26. Bg3 e4 {[%emt 0:12:23] [#]} 27. Bxc7 (27. fxe4 $142 $1 dxe4 28. Ne5 Bxe5 29. Bxe5) 27... Nxc7 28. Rxa8 Rxa8 29. fxe4 dxe4 30. Ne5 Qd5 31. Qc3 Kg8 $1 32. c6 bxc6 33. Nxc6 Re8 34. Nd4 Ne6 35. Nf5 h6 36. h3 Kh7 $1 37. Ng3 Re7 38. Rf5 Rc7 39. Qe5 Rc1+ 40. Kh2 $1 Qxe5 41. Rxe5 Nc7 42. Rxe4 Rc4 43. Rxc4 bxc4 44. e4 Nb5 45. Ne2 Kg6 46. Kg3 Kf6 $18 47. Kf4 g5+ 48. Ke3 Ke5 49. g4 c3 50. Kd3 c2 51. Kxc2 Nd6 52. Nc3 Kf4 53. Kd3 Kg3 54. e5 Nc8 55. Ke4 Kxh3 56. Kf5 Ne7+ 57. Kf6 Kxg4 58. Kxe7 h5 59. Kf6 h4 60. Ne4 Kf4 61. Nxg5 1-0

[Event "Gibraltar Challengers B 2019"]
[Site "Caleta"]
[Date "2019.01.29"]
[Round "4"]
[White "Gillis Onieva, Celia"]
[Black "Herzwurm, Robert"]
[Result "1/2-1/2"]
[ECO "E92"]
[WhiteElo "1930"]
[BlackElo "2021"]
[Annotator "NA RC"]
[PlyCount "42"]
[EventDate "2019.01.18"]
[EventType "swiss"]
[EventCountry "GGB"]
[SourceTitle "playchess.com"]
[Source "ChessBase"]
[SourceQuality "1"]
[TimeControl "6600+10"]

1. d4 Nf6 2. Nf3 g6 3. c4 Bg7 4. Nc3 O-O 5. e4 d6 6. Be2 e5 7. dxe5 dxe5 8. Qxd8 Rxd8 9. Bg5 Re8 10. Nd5 Nxd5 11. cxd5 c6 12. Bc4 cxd5 13. Bxd5 Nc6 14. O-O-O Be6 {[%emt 0:05:34] E92: King's Indian: Classical: 6 Be2 e5: 7 dxe5, 7 Be3 and Petrosian System without 7...Nbd7} (14... Nd4 15. Nxd4 exd4 16. f3 Be6 17. Bxe6 Rxe6 18. Kb1 f5 19. exf5 gxf5 20. Rd2 Rae8 21. Rc1 Re1 22. Rxe1 Rxe1+ {½-½ (40) Mirzoev,A (2523)-Paunovic,D (2520) Roquetas de Mar 2012}) 15. Bxe6 Rxe6 16. Rd7 Rb8 17. Kb1 Kf8 $146 ({Predecessor:} 17... Bf8 18. Be3 f6 19. Rhd1 Re7 20. Ng1 Kf7 21. Ne2 Rxd7 22. Rxd7+ {½-½ (43) Pokorny,P (2218)-Volak,M (2208) Czechia 2002}) 18. Rhd1 Ke8 19. Rc7 Bf8 20. Rcd7 f6 21. Be3 $11 Be7 1/2-1/2

[Event "Gibraltar Challengers B 2019"]
[Site "Caleta"]
[Date "2019.01.29"]
[Round "4"]
[White "Nandi, Robin J"]
[Black "Vinal Gutierrez, Pedro"]
[Result "1-0"]
[ECO "D30"]
[WhiteElo "1903"]
[BlackElo "1997"]
[Annotator "NA RC"]
[PlyCount "67"]
[EventDate "2019.01.18"]
[EventType "swiss"]
[EventCountry "GGB"]
[SourceTitle "playchess.com"]
[Source "ChessBase"]
[SourceQuality "1"]
[TimeControl "6600+10"]

1. d4 e6 2. c4 d5 3. Nf3 c6 4. g3 dxc4 5. Bg2 b5 6. Ne5 {[%emt 0:03:31] D30: Queen's Gambit Declined: Systems without Nc3} Bb7 7. a4 Qc8 8. O-O Nf6 9. e4 Be7 10. Nc3 a6 11. d5 b4 $146 ({Predecessor:} 11... cxd5 12. exd5 b4 13. Nxf7 O-O 14. Ng5 bxc3 15. Nxe6 {½-½ (40) Postny,E (2653)-Stefanova,A (2505) Rethymno 2012}) 12. d6 Bd8 13. Nb1 c5 14. Re1 Nbd7 15. Nxc4 O-O 16. a5 e5 17. Nbd2 Re8 18. b3 Nb8 19. Bb2 Nc6 20. Nf3 Nd7 21. Bh3 f6 22. Qd5+ Kf8 23. Bxd7 Qxd7 24. Qxc5 Rc8 25. Qe3 Nb8 26. Red1 Bc6 27. Nh4 Qb7 $2 {[%emt 0:02:40] [#]} (27... Bb5 $16 28. Rac1 Bxc4) 28. d7 $1 Nxd7 29. Nd6 {[%emt 0:00:09] Double Attack} Qa8 30. Nxc8 Qxc8 31. Nf5 Re6 32. Qd2 Qb8 (32... Qb7 $142 33. Rac1 Bxa5) 33. Rac1 Bb5 $18 34. Qxb4+ 1-0

[Event "Gibraltar Challengers B 2019"]
[Site "Caleta"]
[Date "2019.01.29"]
[Round "4"]
[White "Obiamiwe, Paul"]
[Black "Kandic, Milan"]
[Result "0-1"]
[ECO "D53"]
[WhiteElo "1903"]
[BlackElo "2136"]
[Annotator "NA RC"]
[PlyCount "88"]
[EventDate "2019.01.18"]
[EventType "swiss"]
[EventCountry "GGB"]
[SourceTitle "playchess.com"]
[Source "ChessBase"]
[SourceQuality "1"]
[TimeControl "6600+10"]

1. Nf3 d5 2. d4 Nf6 3. c4 e6 4. Nc3 Be7 5. Bg5 c6 6. e3 O-O 7. Be2 Nbd7 8. O-O Ne4 9. Bxe7 Qxe7 10. Rc1 f5 11. Qc2 Ndf6 (11... b6 12. a3 Bb7 13. Rfd1 Rfc8 14. Qb3 h6 15. c5 Rab8 16. cxb6 axb6 17. Nd2 Nxc3 18. bxc3 Ra8 19. Ra1 {½-½ (67) Sultana,S (1975)-Uten (2113) Dhaka 2018}) 12. Ne5 Nd7 13. Nf3 g5 {[%emt 0:07:08] D53: Queen's Gambit Declined: 4 Bg5 Be7: Early deviations} 14. Nd2 $146 ({Predecessor:} 14. Rfd1 g4 15. Nd2 h5 16. f3 Nxc3 17. Qxc3 Nf6 18. c5 Bd7 19. Rf1 Rae8 20. f4 Rf7 21. b4 a6 22. a4 Ra8 23. Bd3 Rg7 24. g3 Be8 25. Rc2 {1-0 (23) Hansen,H-Stoere,T Norway 1998}) 14... Nxd2 15. Qxd2 Nf6 16. f3 Bd7 17. e4 f4 18. e5 Nh5 19. cxd5 exd5 20. Bd3 Ng7 21. Nd1 Bf5 22. Nf2 Rac8 23. b4 Bxd3 24. Nxd3 Nf5 25. Nc5 Ne3 26. Rf2 b6 27. Nd3 Qe6 28. Re2 Nc4 29. Qd1 Rf7 30. Qe1 Rfc7 31. Rc3 h6 32. Kh1 Rg7 33. Qf2 Rf8 34. Rc1 h5 35. g3 fxg3 36. Qxg3 Qf5 37. Ne1 g4 38. Rg2 Rff7 39. Qh4 gxf3 40. Rxg7+ Rxg7 41. Qf2 Qf4 42. Rc3 $1 Nd2 43. Nxf3 $19 (43. Rc2 $15 Nc4 44. Nxf3) 43... Ne4 44. Qe3 Qxe3 0-1

[Event "Gibraltar Challengers B 2019"]
[Site "Caleta"]
[Date "2019.01.29"]
[Round "4"]
[White "Gostelow, David W"]
[Black "Fegan, Chris"]
[Result "1/2-1/2"]
[ECO "D00"]
[WhiteElo "1850"]
[BlackElo "2024"]
[Annotator "NA RC"]
[PlyCount "102"]
[EventDate "2019.01.18"]
[EventType "swiss"]
[EventCountry "GGB"]
[SourceTitle "playchess.com"]
[Source "ChessBase"]
[SourceQuality "1"]
[TimeControl "6600+10"]

1. d4 d5 2. Bf4 Nf6 3. e3 c5 4. c3 Qb6 5. Qb3 {[%emt 0:03:07] D00: 1 d4 d5: Unusual lines} Nc6 6. Na3 (6. Nd2 c4 7. Qc2 Nh5 8. Bg5 h6 9. Bh4 g5 10. Be2 Ng7 11. Bg3 Bf5 12. Qc1 e6 {1-0 (41) Carlsen,M (2832)-So,W (2812) Leuven 2017}) 6... cxd4 $146 ({Predecessor:} 6... c4 7. Qxb6 axb6 8. Nf3 Bf5 9. Nb5 Ra5 10. a4 Bc2 11. Be2 Bxa4 12. Nc7+ Kd7 13. Ne5+ Nxe5 14. dxe5 Kxc7 15. exf6+ Kc6 16. fxe7 Bxe7 {0-1 (29) Kaufman,R (2292)-Durarbayli,V (2596) Las Vegas 2016}) 7. Qxb6 axb6 8. Nb5 Ra5 9. exd4 Na7 10. Nxa7 Rxa7 11. Bc7 Nd7 12. Bb5 Ra5 13. a4 e6 14. b4 Ra8 15. Bxb6 Bd6 16. Nf3 Ke7 17. Bc5 Nxc5 18. dxc5 Bc7 19. c6 Rd8 20. Ke2 (20. a5 $16) 20... e5 21. Rhd1 h6 (21... b6 $14) 22. h3 ({Better is} 22. a5) 22... Rb8 23. Rd2 g5 24. Kf1 f5 25. Rad1 Ke6 {[%emt 0:04:07] [#]} (25... bxc6 $14 26. Bxc6 d4) 26. Re1 ({Better is} 26. Ne1 $1 $16) 26... Kf6 27. Red1 (27. cxb7 $16 Bxb7 28. Rde2) 27... Ke6 {[%emt 0:02:12] [#]} 28. a5 g4 (28... bxc6 $11 29. Bxc6 d4) 29. hxg4 fxg4 30. Ne1 bxc6 $14 31. Bxc6 Ba6+ 32. Kg1 Bc4 33. Ra1 Rd6 34. Ba4 d4 35. Nd3 (35. g3 $16) 35... dxc3 36. Nc5+ Ke7 37. Rc2 Rxb4 38. Rxc3 Bxa5 39. Re3 Bb6 40. Rxe5+ Kf6 41. Rh5 Kg6 42. Re5 Bf7 43. Bc2+ Kg7 44. Rae1 Rc4 45. Ne4 Rxc2 46. Nxd6 Bxf2+ 47. Kh2 Bxe1 48. Rxe1 Bd5 49. Nf5+ Kf6 50. Ne3 Rd2 51. Nxg4+ Kg5 1/2-1/2

[Event "Gibraltar Challengers B 2019"]
[Site "Caleta"]
[Date "2019.01.29"]
[Round "4"]
[White "Erdogan, Hassan"]
[Black "Cano Sevilla, Ivan"]
[Result "0-1"]
[ECO "D02"]
[WhiteElo "1833"]
[BlackElo "1950"]
[Annotator "NA RC"]
[PlyCount "72"]
[EventDate "2019.01.18"]
[EventType "swiss"]
[EventCountry "GGB"]
[SourceTitle "playchess.com"]
[Source "ChessBase"]
[SourceQuality "1"]
[TimeControl "6600+10"]

1. d4 Nf6 2. Bf4 d5 3. e3 c5 4. c3 Nc6 5. Nf3 Qb6 6. Qb3 c4 7. Qxb6 axb6 8. Na3 Na7 {[%emt 0:00:00] D02: 1 d4 d5 2 Nf3 sidelines, including 2...Nf6 3 g3 and 2...Nf6 3 Bf4} (8... Bf5 9. Nb5 Kd7 10. Be2 e6 11. O-O Ra5 12. a4 Bc2 13. Ng5 Bg6 14. Rfc1 Be7 15. Nf3 Rha8 16. Nc7 Rc8 {0-1 (35) Javakhishvili,L (2465)-Girya,O (2482) Tbilisi 2018}) 9. h3 e5 10. dxe5 Bxa3 11. bxa3 Ne4 12. g4 $146 ({Predecessor:} 12. Nd4 O-O 13. Rc1 Nc6 14. Nb5 Ra5 15. Rb1 Na7 16. Nxa7 Rxa7 {0-1 (24) Lenz,J (1083)-Kirch,B (1471) LSS email 2013}) 12... Nb5 13. Nd4 Nexc3 14. Nxb5 Nxb5 15. Bg2 Nc3 16. e6 Bxe6 17. Be5 Rxa3 18. Bxg7 Rg8 19. Bd4 b5 20. Bf6 (20. Bxc3 $17 {was necessary.} Rxc3 21. Rb1) 20... Kd7 ({Not} 20... Nxa2 21. f4 $17) 21. f4 Ne4 ({Don't do} 21... Rxa2 22. Rxa2 Nxa2 23. Rh2 $17) 22. Bxe4 dxe4 ({Don't play} 22... Rxe3+ 23. Kd2 $17) 23. O-O-O+ Kc6 24. f5 {[%emt 0:00:12] [#]} Bd5 $1 ({And not} 24... Rxe3 25. fxe6 fxe6 26. Rhe1 $16) 25. Rd4 Rxe3 26. g5 Ra8 27. Rhd1 Rd3 28. R1xd3 cxd3 29. h4 Rxa2 30. Be5 Kc5 31. h5 Rg2 32. Bf6 Rf2 33. g6 fxg6 34. fxg6 Rxf6 35. Rxd5+ Kxd5 36. g7 Rf1+ 0-1

[Event "Gibraltar Challengers B 2019"]
[Site "Caleta"]
[Date "2019.01.29"]
[Round "4"]
[White "Maldonado Mena, German"]
[Black "Villar Reymundo, Juan Antonio"]
[Result "0-1"]
[ECO "A45"]
[WhiteElo "1808"]
[BlackElo "2237"]
[Annotator "RC"]
[PlyCount "52"]
[EventDate "2019.01.18"]
[EventType "swiss"]
[EventCountry "GGB"]
[SourceTitle "playchess.com"]
[Source "ChessBase"]
[SourceQuality "1"]
[TimeControl "6600+10"]

1. d4 Nf6 2. Bf4 b5 3. e3 a6 4. Qf3 d5 5. Bd3 Bb7 6. Nd2 Nbd7 7. e4 dxe4 8. Nxe4 Qc8 9. g4 e6 10. g5 Nd5 11. Bd2 c5 12. c3 Qc6 13. Ng3 Qb6 14. Qg4 cxd4 15. cxd4 Nb4 16. Be4 f5 17. gxf6 Nxf6 18. Qf3 Nxe4 19. Nxe4 Nc2+ 20. Kf1 Nxa1 21. Qh5+ Kd7 22. Qf7+ Kc8 23. Qe8+ Qd8 24. Qxe6+ Qd7 25. Qe5 Bc6 26. Bf4 Kb7 0-1

[Event "Gibraltar Challengers B 2019"]
[Site "Caleta"]
[Date "2019.01.29"]
[Round "4"]
[White "Sidali, Elias Hulleberg"]
[Black "Bottema, Martin"]
[Result "1/2-1/2"]
[ECO "C47"]
[WhiteElo "1783"]
[BlackElo "2104"]
[Annotator "NA RC"]
[PlyCount "84"]
[EventDate "2019.01.18"]
[EventType "swiss"]
[EventCountry "GGB"]
[SourceTitle "playchess.com"]
[Source "ChessBase"]
[SourceQuality "1"]
[TimeControl "6600+10"]

1. e4 e5 2. Nf3 Nc6 3. Nc3 Nf6 4. Be2 d5 5. exd5 Nxd5 6. O-O Nxc3 7. bxc3 Bd6 {[%emt 0:00:10] C47: Scotch Four Knights and Four Knights with 4 g3} (7... e4 8. Ne1 Bd6 9. f3 f5 10. fxe4 fxe4 11. Rb1 Qe7 12. d4 exd3 13. cxd3 Bd7 14. Rxb7 O-O-O 15. Rb2 {1-0 (29) Van Foreest,J (2629)-Giri,A (2752) Amstelveen 2017}) 8. d4 exd4 9. cxd4 O-O 10. Rb1 Rb8 11. Bg5 $146 ({Predecessor:} 11. c4 Bg4 12. Be3 b6 13. h3 Bxf3 14. Bxf3 Ne7 15. c5 bxc5 16. dxc5 {1-0 (101) Kutchoukov,D (1902)-Shakhverdian,W (1777) Assen 2018}) 11... f6 12. Be3 Ne7 13. c4 Nf5 14. c5 Nxe3 15. Qb3+ Kh8 16. fxe3 Be7 17. Bd3 g6 18. Rbd1 c6 19. e4 Bg4 20. Qc3 b6 21. cxb6 axb6 22. Bc2 Qd6 23. e5 fxe5 24. dxe5 Qc5+ 25. Qxc5 Bxc5+ 26. Kh1 Be6 27. Bb3 Bg4 28. h3 Bxf3 29. Rxf3 Rxf3 30. gxf3 Re8 31. e6 Kg7 32. Rc1 Rc8 33. a4 Be7 34. Bd5 c5 35. Kg2 Rd8 36. Bc4 Rd2+ 37. Kf1 Rd4 ({Black should try} 37... Rh2 38. Rd1 Rxh3) 38. Ke2 Kf6 39. Kf2 $1 $11 {[%emt 0:05:18] was the only way to keep the balance.} Bd6 40. Rc2 Be7 $11 ({Black should play} 40... g5 $17 41. Ke2 Ke7) 41. Ke2 Ke5 42. Kf2 Kf6 1/2-1/2

[Event "Gibraltar Challengers B 2019"]
[Site "Caleta"]
[Date "2019.01.29"]
[Round "4"]
[White "Tkadlecek, Petr"]
[Black "Diaz Mino, Daniel"]
[Result "0-1"]
[ECO "A48"]
[WhiteElo "1719"]
[BlackElo "1769"]
[Annotator "NA RC"]
[PlyCount "134"]
[EventDate "2019.01.18"]
[EventType "swiss"]
[EventCountry "GGB"]
[SourceTitle "playchess.com"]
[Source "ChessBase"]
[SourceQuality "1"]
[TimeControl "6600+10"]

1. d4 Nf6 2. Nf3 g6 3. Bf4 Bg7 4. e3 O-O 5. Bd3 d6 6. h3 c5 7. c3 Nbd7 8. O-O a6 9. a4 b6 10. Nbd2 Bb7 11. Bc2 Qc7 12. Qe2 Rfe8 13. Bb3 Rab8 14. Ng5 Rf8 15. Rfc1 h6 16. Ngf3 Qd8 17. Bc4 Ra8 18. Bg3 Re8 19. Nh2 Nh5 20. Qg4 Nxg3 21. Qxg3 d5 22. Bd3 Qb8 23. Qg4 Nf6 24. Qe2 e5 25. dxe5 Rxe5 26. Ng4 Nxg4 27. Qxg4 Rg5 28. Qe2 c4 29. Bb1 d4 30. Nf3 d3 31. Qd1 Bxf3 32. Qxf3 Ra7 33. h4 Rf5 34. Qe4 Rc7 35. Ba2 Qc8 36. Qg4 h5 37. Qh3 Qd8 38. Rd1 Bf6 39. g3 Ra5 40. Bb1 Qe8 41. Rd2 Rxa4 42. Rxa4 Qxa4 43. Qf1 Rd7 44. Qd1 Qxd1+ 45. Rxd1 b5 46. Rd2 a5 47. Kf1 a4 48. Ba2 a3 49. b3 Bxc3 50. Rd1 Rc7 51. bxc4 bxc4 52. Rc1 d2 53. Rd1 Ba5 54. Bb1 a2 55. Bxa2 c3 56. Bb3 c2 57. Bxc2 Rxc2 58. Ke2 Rc1 59. e4 Kf8 60. f3 Ke7 61. g4 Rxd1 62. Kxd1 Kd6 63. gxh5 gxh5 64. f4 Kc5 65. Ke2 Kd4 66. e5 Ke4 67. e6 fxe6 0-1

[Event "Gibraltar Challengers B 2019"]
[Site "Caleta"]
[Date "2019.01.29"]
[Round "4"]
[White "Hng, Mei-Xian Eunice"]
[Black "Schouten, Freek"]
[Result "1-0"]
[ECO "C41"]
[WhiteElo "1718"]
[BlackElo "2087"]
[Annotator "NA RC"]
[PlyCount "79"]
[EventDate "2019.01.18"]
[EventType "swiss"]
[EventCountry "GGB"]
[SourceTitle "playchess.com"]
[Source "ChessBase"]
[SourceQuality "1"]
[TimeControl "6600+10"]

1. e4 d6 2. d4 Nf6 3. Nc3 Nbd7 4. Nf3 e5 5. h3 Be7 {[%emt 0:00:21] C41: Philidor Defence} 6. Be2 (6. g4 O-O 7. Be3 c6 8. g5 Ne8 9. Qd2 Nc7 10. O-O-O b5 11. Ne2 Ne6 12. Ng3 exd4 13. Nxd4 Nxd4 14. Qxd4 Bxg5 {½-½ (72) Antipov,M (2584)-Jobava,B (2669) Izmir 2016}) 6... c6 7. a4 Qc7 8. O-O h6 9. Be3 g5 10. h4 $146 ({Predecessor:} 10. Nd2 Nf8 11. Bg4 Bxg4 12. hxg4 Ng6 13. d5 c5 14. f3 a6 15. Ne2 {½-½ (15) Dey,J (2173)-Hilge,A (2143) Bayern 2017}) 10... Ng4 11. hxg5 Nxe3 12. fxe3 hxg5 13. Nh2 Nf6 14. Ng4 Bxg4 15. Bxg4 Nxg4 16. Qxg4 Qc8 17. Rf5 Qe6 18. Raf1 Rh7 19. b3 O-O-O 20. d5 Qd7 21. Qe2 f6 22. a5 c5 23. Qc4 Kb8 24. a6 $1 b6 25. Nb5 Rh4 26. Nc3 Rdh8 27. Kf2 Rh2 28. Qb5 Qc8 $14 29. Ne2 R8h4 30. Ng3 Rh7 31. Rg1 R2h4 32. Ke1 Rxe4 33. Nxe4 Qxf5 34. Qe8+ Qc8 35. Qg6 Qh8 36. Ke2 Rh4 37. Rf1 Qh5+ 38. Qxh5 Rxh5 39. Nxg5 fxg5 40. Rf2 1-0

[Event "Gibraltar Challengers B 2019"]
[Site "Caleta"]
[Date "2019.01.30"]
[Round "5"]
[White "Abdulraheem Abdulrahman Akint"]
[Black "Kozarcanin, Sead"]
[Result "1-0"]
[ECO "A14"]
[WhiteElo "2224"]
[BlackElo "2048"]
[Annotator "NA RC"]
[PlyCount "113"]
[EventDate "2019.01.18"]
[EventType "swiss"]
[EventCountry "GGB"]
[SourceTitle "playchess.com"]
[Source "ChessBase"]
[SourceQuality "1"]
[TimeControl "6600+10"]

1. Nf3 d5 2. c4 e6 3. g3 Nf6 4. Bg2 Be7 5. O-O O-O 6. b3 a5 7. Nc3 Na6 {[%emt 0:00:50] A14: English Opening: 1...e6 with b3 by White} 8. Bb2 Nc5 9. Qb1 $146 ({Predecessor:} 9. d4 Nce4 10. Nxe4 Nxe4 11. Nd2 Nxd2 12. Qxd2 a4 13. Qc2 c6 14. e4 Qa5 15. Bc3 {½-½ (31) Ikeda,J (2420)-Turov,M (2600) Teplice 2018}) 9... Nce4 10. d3 Nxc3 11. Bxc3 c5 12. e3 b6 13. Qb2 Bb7 14. Rfd1 Qc8 15. Rac1 Rd8 16. a4 Ne8 17. cxd5 exd5 18. d4 Qe6 19. Ne5 Rac8 20. dxc5 Bxc5 {[%emt 0:00:34] [#]} 21. Nd3 $1 Bd6 22. Nf4 Bxf4 23. exf4 ({Reject} 23. gxf4 $6 d4 $11) 23... Qg6 (23... d4 $16 24. Rxd4 (24. Bxd4 Rxc1 25. Qxc1 Bxg2 $11) 24... Bxg2 25. Rxd8 Rxd8 26. Kxg2 h5) 24. Bd4 Rc6 25. Rxc6 Qxc6 26. Rc1 Qd6 27. Bf1 f6 28. Qe2 Nc7 29. f5 Ba6 30. Qc2 Bxf1 31. Kxf1 ({And not} 31. Qxc7 Bh3 $11) 31... Na6 32. Qc6 Nb4 33. Qxd6 Rxd6 34. Rc8+ Kf7 35. Rc7+ Kg8 36. Ke2 g6 37. fxg6 hxg6 38. Kd2 Na6 39. Ra7 Nc5 40. Bxc5 bxc5 41. Rxa5 Rc6 42. Ra7 c4 43. b4 d4 (43... c3+ $142 44. Kc1 d4) 44. Rd7 c3+ 45. Kc1 Rc4 46. a5 Rxb4 47. a6 d3 48. Rxd3 Ra4 49. Rd6 ({Not} 49. Rxc3 Rxa6 50. Kd2 g5 $14) 49... Kf7 50. Kc2 Ra2+ 51. Kxc3 Rxf2 52. Kb3 (52. Rd2 $142 Rf3+ 53. Kb4) 52... Rf1 53. Rd2 Rb1+ 54. Rb2 Ra1 55. Ra2 Rb1+ 56. Kc4 $18 Rb8 57. a7 1-0

[Event "Gibraltar Challengers B 2019"]
[Site "Caleta"]
[Date "2019.01.30"]
[Round "5"]
[White "Orndahl, Mats"]
[Black "Skutta, Bernd"]
[Result "1-0"]
[ECO "B06"]
[WhiteElo "2160"]
[BlackElo "1988"]
[Annotator "RC"]
[PlyCount "91"]
[EventDate "2019.01.18"]
[EventType "swiss"]
[EventCountry "GGB"]
[SourceTitle "playchess.com"]
[Source "ChessBase"]
[SourceQuality "1"]
[TimeControl "6600+10"]

1. d4 d6 2. Bf4 g6 3. Nc3 Bg7 4. e4 Nd7 5. Nf3 c5 6. d5 Ngf6 7. Qd2 h6 8. h3 a6 9. a4 Qa5 10. Ra2 Qb4 11. Bd3 c4 12. Be2 Nc5 13. e5 dxe5 14. Nxe5 Nfd7 15. Nxc4 Nb6 16. Nxb6 Qxb6 17. O-O e5 18. Be3 Qd6 19. b4 Nd7 20. Ne4 Qe7 21. f3 f5 22. Nc5 f4 23. Bf2 Nxc5 24. Bxc5 Qg5 25. Kh1 Qh5 26. Bd3 Bf6 27. Bf2 g5 28. Qe2 Qf7 29. Qe4 h5 30. Kg1 g4 31. fxg4 hxg4 32. hxg4 Bxg4 33. Qg6 Rg8 34. Qxf7+ Kxf7 35. Be4 Be2 36. Re1 f3 37. g3 Rg4 38. Bf5 Rxb4 39. Be6+ Kg6 40. d6 e4 41. d7 Bd4 42. c3 Bxf2+ 43. Kxf2 Rf8 44. cxb4 e3+ 45. Kxe3 f2 46. Raxe2 1-0

[Event "Gibraltar Challengers B 2019"]
[Site "Caleta"]
[Date "2019.01.30"]
[Round "5"]
[White "Berrocal Ruiz, Valentin"]
[Black "Severijnen, Arjon"]
[Result "1-0"]
[ECO "B23"]
[WhiteElo "2127"]
[BlackElo "2120"]
[Annotator "RC"]
[PlyCount "57"]
[EventDate "2019.01.18"]
[EventType "swiss"]
[EventCountry "GGB"]
[SourceTitle "playchess.com"]
[Source "ChessBase"]
[SourceQuality "1"]
[TimeControl "6600+10"]

1. e4 c5 2. Nc3 a6 3. g4 Nc6 4. Bg2 g6 5. Nge2 Bg7 6. d3 d6 7. Ng3 Rb8 8. O-O Nf6 9. h3 O-O 10. f4 Nd7 11. f5 b5 12. g5 b4 13. Nce2 Nd4 14. Kh1 Bb7 15. h4 Nxe2 16. Qxe2 Be5 17. Qg4 a5 18. Rb1 a4 19. h5 Kg7 20. Bf4 Bxf4 21. Rxf4 Ne5 22. Qh4 Bc8 23. hxg6 fxg6 24. Qh6+ Kg8 25. fxg6 hxg6 26. Rh4 Kf7 27. Rf1+ Bf5 28. Nxf5 Ke8 29. Qxf8+ 1-0